 Dungeon Crawl Stone Soup version 0.27.1-2-g3b301248ec (webtiles) character file.

Game seed: 13607867440517023176

135 Violens the Covered (level 4, 0/41 HPs)
             Began as a Minotaur Fighter on Sept 30, 2021.
             Slain by an orc (3 damage)
             ... on level 3 of the Dungeon.
             The game lasted 00:14:34 (2385 turns).

Violens the Covered (Minotaur Fighter)              Turns: 2385, Time: 00:14:35

Health: 0/41       AC: 10    Str: 22    XL:     4   Next: 97%
Magic:  3/3        EV:  6    Int:  5    God:
Gold:   109        SH:  9    Dex:  9    Spells: 3/3 levels left

rFire    + . .     SeeInvis .   a - +0 war axe
rCold    . . .     Faith    .   c - +0 kite shield
rNeg     . . .     Spirit   .   l - +0 chain mail
rPois    .         Reflect  .   (helmet restricted)
rElec    .         Harm     .   k - +0 cloak
rCorr    .         Rampage  .   (no gloves)
Will     .....                  (no boots)
Stlth    ..........             (no amulet)
HPRegen  0.13/turn              f - ring of protection from fire
MPRegen  0.08/turn              m - ring of wizardry

@: lethally poisoned (0 -> -2), very slow
A: horns 2, retaliatory headbutt
a: no special abilities


You were on level 3 of the Dungeon.
You visited 1 branch of the dungeon, and saw 3 of its levels.

You collected 109 gold pieces.

Inventory:

Hand Weapons
 a - a +0 war axe (weapon)
Missiles
 b - 44 sling bullets
 g - 39 bolts
 i - 20 stones (quivered)
Armour
 c - a +0 kite shield (worn)
 k - a +0 cloak (worn)
 l - a +0 chain mail (worn)
Jewellery
 f - a ring of protection from fire (left hand)
 m - a ring of wizardry (right hand)
Wands
 e - a wand of digging (7)
Scrolls
 n - 2 scrolls of vulnerability {unknown}
Potions
 d - a potion of might
 h - a potion of brilliance
 j - a potion of heal wounds {unknown}


   Skills:
 + Level 4.4 Fighting
 + Level 4.2 Axes
 + Level 4.5 Armour
 + Level 0.5 Dodging
 + Level 4.3 Shields


You had 3 spell levels left.
You didn't know any spells.
Your spell library was empty.

Dungeon Overview and Level Annotations

Branches:
Dungeon (3/15)

Altars:
Uskayaw


Innate Abilities, Weirdness & Mutations

You have a pair of horns on your head.
You reflexively headbutt those who attack you in melee.


Message History

The orc priest calls down the wrath of Beogh upon you.
Pain shoots through your body!
The orc priest hits you but does no damage.
You are more poisoned.
The orc hits you with a +0 mace.
Your unstable footing causes you to fumble your attack.
You feel very sick. You block the orc's attack.
The orc hits you with a +0 mace.
The orc priest hits you but does no damage.
You are more poisoned.
The orc hits you but does no damage.
You slash the orc priest!
You kill the orc priest!
You hit the orc.
You kill the orc!
You hit the plant. You barely miss the orc.
You feel very sick.
A nearby plant withers and dies.
The orc hits you but does no damage. You block the orc's attack.
Your unstable footing causes you to fumble your attack.
* * * LOW HITPOINT WARNING * * *
You feel very sick. The orc hits you but does no damage. x2
Unknown command.
Your unstable footing causes you to fumble your attack.
* * * LOW HITPOINT WARNING * * *
You feel sick. You block the orc's attack.
The orc hits you but does no damage. x3
You closely miss the orc. Your headbutt misses the orc.
You hit the orc but do no damage.
* * * LOW HITPOINT WARNING * * *
You feel sick. You block the orc's attack. x2
You hit the orc.
The orc is severely wounded.
You hit the orc.
* * * LOW HITPOINT WARNING * * *
You feel sick. The orc barely misses you. You block the orc's attack.
The orc barely misses you. You furiously retaliate!
You headbutt the orc.
You kill the orc!
The orc hits you with a +0 club.
You die...

≈≈≈≈≈≈♣P≈≈≈.# #$#.
P≈≈≈≈≈≈≈≈≈≈.# ##.#.≈
♣≈≈≈≈≈≈≈≈≈♣≈.#
....≈♣≈≈≈≈≈≈≈≈≈≈P♣≈..
...♣≈≈≈≈≈≈≈≈≈≈≈≈♣♣##
#..♣≈P≈≈≈≈≈≈≈≈≈≈P≈#
#..≈≈♣≈≈≈≈≈≈≈≈≈≈♣P#
#.)♣≈PP≈≈≈≈≈≈≈≈≈♣P#
#.)@♣P≈≈≈≈≈≈≈≈≈≈≈♣#
##o≈≈≈PP≈≈≈≈≈≈≈≈♣≈#
#.♣♣≈≈≈≈≈≈≈≈≈≈≈♣♣#
#.#≈P≈≈≈≈≈≈≈≈≈≈≈≈#
#.#≈♣≈≈≈≈≈≈P≈≈♣≈##
#.#≈≈≈♣≈≈≈≈≈≈≈≈♣#
#.#P♣≈≈≈≈≈≈≈♣≈♣≈#
....≈♣P≈≈≈≈≈)P♣♣#
....≈♣≈≈P≈♣≈≈♣♣


You could see an orc.

Vanquished Creatures
  An orc priest (D:3)
  A hound (D:2)
  3 gnolls (D:1)
  A worm (D:2)
  2 orcs (D:3)
  A ball python (D:1)
  3 endoplasms (D:1)
  4 goblins
  7 hobgoblins
  4 jackals (D:1)
  5 kobolds
  2 quokkas
  4 bats
  4 frilled lizards
  6 rats
48 creatures vanquished.

Vanquished Creatures (others)
  8 plants (D:3)
8 creatures vanquished.

Grand Total: 56 creatures vanquished

Notes
Turn   | Place    | Note
-------+----------+-------------------------------------------
     0 | D:1      | Violens the Minotaur Fighter began the quest for the Orb.
     0 | D:1      | Reached XP level 1. HP: 19/19 MP: 0/0
   114 | D:1      | Reached XP level 2. HP: 27/27 MP: 1/1
   506 | D:1      | Found a faded altar of an unknown god.
   520 | D:1      | Reached XP level 3. HP: 33/33 MP: 2/2
  1343 | D:2      | Reached XP level 4. HP: 37/41 MP: 3/3
  2284 | D:3      | Found a hide-covered altar of Uskayaw.
  2385 | D:3      | Slain by an orc

Illustrated notes

Levels and vault maps discovered:
D:1:      grunt_arrival_crossed_arrows, layout_loops_corners,
          chequers_ecumenical_altar_twisty, minmay_tromino_v7
D:2:      layout_loops_corners
D:3:      layout_loops_ring, mainiacjoe_overflow_surrounded_room, zin_treasury,
          serial_bayou_lake_a

Skill      XL: |  1  2  3 |
---------------+----------+-----
Fighting       | 4 |  4.4
Shields        | 4 |  4.3
Armour         | 4 |  4.5
Axes           | 3 4 |  4.2
Dodging        | |  0.5

Action                   |  1- 3 |  4- 6 || total
-------------------------+-------+-------++-------
Melee: War axe           |    67 |    40 ||   107
       Headbutt          |     9 |     6 ||    15
Throw: Stone             |       |     2 ||     2
  Use: Potion            |     3 |       ||     3
       Scroll            |     2 |       ||     2
Armor: Scale mail        |    30 |       ||    30
       Chain mail        |       |    26 ||    26
Dodge: Dodged            |    25 |     5 ||    30
Block: Kite shield       |    29 |    14 ||    43
